 Seeded DCSS version 0.29.1-12-g30fa7ad0bf (webtiles) character file.

Game seed: 20230106 (custom seed)

753 stormannn the Destroyer (level 7, -4/46 HPs)
             Began as a Barachi Conjurer on Jan 6, 2023.
             Was an Initiate of Cheibriados.
             Hit by a javelin thrown by something (7 damage)
             ... on level 5 of the Dungeon.
             The game lasted 00:15:19 (5626 turns).

stormannn the Destroyer (Barachi Conjurer)          Turns: 5626, Time: 00:15:19

Health: -4/46      AC:  3    Str: 10    XL:     7   Next: 79%
Magic:  15/16      EV: 12    Int: 27    God:    Cheibriados [......]
Gold:   230        SH:  0    Dex: 11    Spells: 15/18 levels left

rFire   + . .      SeeInvis .   h - +1 whip
rCold   x . .      Faith    .   (no shield)
rNeg    . . .      Spirit   .   w - +0 robe {Will+}
rPois   .          Reflect  .   (no helmet)
rElec   .          Harm     .   t - scarf {+Inv}
rCorr   .          Rampage  .   k - +0 pair of gloves
Will    +....                   (no boots)
Stlth   ++........              (no amulet)
HPRegen 0.15/turn               n - ring of fire
MPRegen 0.15/turn               u - +6 ring of intelligence

@: unable to hop, very slow
A: amphibious, slowness 1, strong legs 1, +LOS
a: Hop, Renounce Religion, Evoke Invisibility


You were on level 5 of the Dungeon.
You worshipped Cheibriados.
Cheibriados was noncommittal.
You visited 2 branches of the dungeon, and saw 6 of its levels.

You collected 230 gold pieces.

Inventory:

Hand Weapons
 h - a +1 whip (weapon)
Missiles
 d - 45 stones (quivered)
 g - 6 silver javelins
 l - 3 poisoned darts
Armour
 k - a +0 pair of gloves (worn)
 t - a scarf of invisibility (worn)
 w - a +0 robe of willpower (worn)
Jewellery
 n - a ring of fire (left hand)
 o - a ring of ice
 u - a +6 ring of intelligence (right hand)
Scrolls
 a - a scroll of noise {unknown}
 b - a scroll of identify {unknown}
 j - 2 scrolls of blinking
 q - 2 scrolls of teleportation
 s - a scroll of poison
 v - a scroll of magic mapping
 x - a scroll of vulnerability {unknown}
 y - a scroll of fear {unknown}
Potions
 c - 4 potions of curing {unknown}
 e - 3 potions of flight {unknown}
 f - a potion of attraction {unknown}
 i - a potion of lignification {unknown}
 m - a potion of invisibility
 p - a potion of might {unknown}
 r - a potion of haste
 z - a potion of degeneration {unknown}


   Skills:
 - Level 0.7 Throwing
 - Level 2.1 Dodging
 - Level 1.7 Stealth
 + Level 6.0 Spellcasting
 - Level 8.0 Conjurations


You had 15 spell levels left.
You knew the following spells:

 Your Spells              Type           Power      Damage    Failure   Level
a - Magic Dart            Conj           100%       1d8       1%          1
b - Searing Ray           Conj           100%       2d8       1%          2

Your spell library contained the following spells:

 Spells                   Type           Power      Damage    Failure   Level
 Dazzling Flash           Conj/Hex       58%        N/A       3%          3
 Ensorcelled Hibernation  Hex/Ice        16%        N/A       10%         2
 Passwall                 Tmut/Erth      6%         N/A       10%         2
 Fulminant Prism          Conj/Hex       14%        3d9       12%         4
 Iskenderun's Mystic Bla  Conj/Tloc      29%        2d7       12%         4
 Swiftness                Air            8%         N/A       19%         3


Dungeon Overview and Level Annotations

Branches:
Dungeon (5/15)             Temple (1/1) D:4

Altars:
Ashenzari
Cheibriados
Dithmenos
Elyvilon
Gozag
Hepliaklqana
Makhleb
Nemelex Xobeh
Qazlal
Ru
Sif Muna
Trog
Uskayaw
Wu Jian
Yredelemnul
The Shining One

Shops:
D:1 (   D:5 *

Annotations:
D:4 1 runed translucent door, lambentLogic's ghost, novice KoEn


Innate Abilities, Weirdness & Mutations

You are amphibious.
You cover ground slowly.
You can hop short distances.
You have an extended range of vision and can be seen from far away.


Message History

The gnoll hits you with a +0 flail.
The gnoll drinks a potion.
The gnoll flickers and vanishes!
Deactivating autopickup; reactivate with Ctrl-A.
Casting: Searing Ray (safe; 1% risk of failure)
Confirm with . or Enter, or press ? or * to list all spells.
Aiming: Searing Ray (safe; 1% risk of failure)
Press: ? - help, Shift-Dir - straight line The searing ray hits the gnoll.
The gnoll is moderately wounded.
The searing ray hits the gnoll!
The gnoll is heavily wounded. (Press . to maintain the ray.)
The gnoll hits you with a +0 flail!
The gnoll hits you from afar with a +0 spear.
The gnoll hits you with a +0 flail.
The searing ray hits the gnoll.
The gnoll is almost dead.
The searing ray hits the gnoll.
The gnoll is almost dead.
The searing ray hits something!
The gnoll hits you with a +0 flail!
* * * LOW HITPOINT WARNING * * *
The gnoll closely misses you.
The searing ray hits the gnoll.
You kill the gnoll!
Cheibriados thoroughly appreciates the change of pace.
The searing ray hits the gnoll!
You kill the gnoll!
Cheibriados thoroughly appreciates the change of pace.
Training target 8.0 for Conjurations reached!
Your Conjurations skill increases to level 8!
You need to enable at least one skill for training.
A javelin appears from out of thin air!
The javelin pierces through you!
* * * LOW HITPOINT WARNING * * *
Hop to where?
Press: ? - help, Dir - move target Boing!
A javelin appears from out of thin air!
The javelin pierces through you.
* * * LOW HITPOINT WARNING * * *
A javelin appears from out of thin air!
The javelin pierces through you!
You die...

....g ....g
.....g####
.<..g....# #g# #.#
#J# #)# ####### #
#)# #@....# #. #.#
#####J# .#.#
#.###### #.# .###.
#......# #.# ..~~..
##.###.###{#
~#######..#.......#
.#.......##รท##.####
~##########.##.#
.b~.... #.##.#


You could see a jelly.

Vanquished Creatures
  Sigmund (D:3)
  A black bear (D:5)
  A scorpion (D:5)
  2 orc priests
  2 orc wizards
  3 iguanas
  10 gnolls
  9 adders
  4 worms
  10 orcs
  4 ball pythons
  3 endoplasms
  A giant cockroach (D:3)
  7 goblins
  6 hobgoblins
  2 jackals (D:1)
  4 kobolds
  4 quokkas
  6 bats
  A frilled lizard (D:1)
  4 rats
85 creatures vanquished.

Vanquished Creatures (others)
  9 fungi (D:5)
9 creatures vanquished.

Grand Total: 94 creatures vanquished

Notes
Turn   | Place    | Note
-------+----------+-------------------------------------------
     0 | D:1      | stormannn the Barachi Conjurer began the quest for the Orb.
     0 | D:1      | Reached XP level 1. HP: 13/13 MP: 3/3
   349 | D:1      | Reached XP level 2. HP: 19/19 MP: 0/5
   623 | D:1      | Found Yppos's Weapon Shop.
  1157 | D:1      | Reached XP level 3. HP: 24/24 MP: 2/7
  1279 | D:2      | Found a faded altar of an unknown god.
  1424 | D:2      | Learned a level 2 spell: Searing Ray
  1506 | D:2      | Reached skill level 5 in Conjurations
  1837 | D:2      | Reached XP level 4. HP: 30/30 MP: 5/9
  2825 | D:3      | Reached XP level 5. HP: 35/35 MP: 6/10
  3355 | D:3      | You fall into a shaft and drop 2 floors!
  3355 | D:5      | Entered Level 5 of the Dungeon
  3359 | D:5      | Noticed an ogre
  3521 | D:5      | Reached skill level 6 in Conjurations
  3568 | D:5      | Found Gozag's Platinum Reserve.
  3568 | D:5      | Found an opulent altar of Gozag.
  3730 | D:4      | Reached XP level 6. HP: 28/41 MP: 6/12
  4412 | D:3      | Found a bloodstained altar of Trog.
  4412 | D:3      | Found a shadowy altar of Dithmenos.
  4524 | D:3      | Noticed Sigmund
  4530 | D:3      | Killed Sigmund
  4531 | D:3      | Reached skill level 5 in Spellcasting
  4531 | D:3      | Reached skill level 7 in Conjurations
  4531 | D:3      | Reached XP level 7. HP: 34/46 MP: 6/15
  4684 | D:4      | Noticed lambentLogic's ghost (novice KoEn)
  4687 | D:4      | Found a runed translucent door.
  4782 | D:4      | Found a staircase to the Ecumenical Temple.
  4792 | Temple   | Entered the Ecumenical Temple
  4796 | Temple   | Became a worshipper of Cheibriados the Contemplative
  5614 | D:5      | Reached skill level 8 in Conjurations
  5622 | D:5      | HP: 2/46 [something (3)]
  5626 | D:5      | Hit by a javelin thrown by something

Illustrated notes

Levels and vault maps discovered:
D:1:      dpeg_arrival_stone_temple_mockup, layout_basic, serial_shops,
          nicolae_shop_statue_plus, corner_web_ring, minmay_pentomino_t2
D:2:      layout_loops_corners, hellmonk_ecumenical_altar_pennies_from_heaven
D:3:      layout_rooms, gammafunk_temple_overflow_wave,
          nicolae_concentric_dashed_squares_mild, nrook_mini_backslash,
          uniq_sigmund
D:4:      layout_rooms, minmay_temple_entry_sparse_star,
          hellmonk_ghost_happy_afterlife
D:5:      layout_basic, nicolae_gozag_zags_fifth_avenue, serial_aquarium,
          aquarium_bridge_long_separate [aquarium_subvault_wall,
          aquarium_subvault_window, aquarium_subvault_bridge,
          aquarium_subvault_balcony, aquarium_subvault_balcony,
          aquarium_subvault_bridge], aquarium_bridge_square
          [aquarium_subvault_bridge, aquarium_subvault_wall,
          aquarium_subvault_window, aquarium_subvault_bridge],
          aquarium_window_2, aquarium_window_1, aquarium_view_2c,
          aquarium_view_2f, aquarium_balcony_double_4,
          hangedman_decor_clover_reticule
Temple:   hellmonk_temple_two_chambers

Skill      XL: |  1  2  3  4  5  6  7 |
---------------+----------------------+-----
Spellcasting   | 3 4 5 6 |  6.0
Conjurations   | 5 6 7 8 |  8.0
Throwing       | |  0.7
Dodging        | |  2.1
Stealth        | |  1.7

Action                   |  1- 3 |  4- 6 |  7- 9 || total
-------------------------+-------+-------+-------++-------
Melee: Whip              |    15 |     8 |       ||    23
Throw: Stone             |     6 |       |       ||     6
 Cast: Magic Dart        |    40 |    61 |    17 ||   118
       Searing Ray       |     4 |    19 |     7 ||    30
 Abil: Hop               |     1 |     2 |     1 ||     4
  Use: Scroll            |       |     5 |     1 ||     6
       Potion            |       |     1 |       ||     1
Armor: Robe              |     1 |     2 |     3 ||     6
Dodge: Dodged            |    20 |    15 |     8 ||    43
